 Dungeon Crawl Stone Soup version 0.31-a0-986-g5e6e4ef867 (webtiles) character file.

Game seed: 15392751533637100266

13459 MrSquiggles the Destroyer (level 12, -7/51 HPs)
             Began as a Vine Stalker Air Elementalist on Nov 7, 2023.
             Was a Believer of Vehumet.
             Mangled by a death yak (11 damage)
             ... on level 8 of the Dungeon on Nov 8, 2023.
             The game lasted 00:38:29 (15763 turns).

MrSquiggles the Destroyer (VSAE)                   Turns: 15763, Time: 00:38:29

Health: -7/51      AC:  7    Str: 12    XL:     12   Next: 6%
Magic:  0/30       EV: 12    Int: 19    God:    Vehumet [**....]
Gold:   780        SH:  0    Dex: 15    Spells: 3/22 levels left

rFire   + + .        p - +1 rapier
rCold   . . .        (no shield)
rNeg    . . .        G - +0 robe "Ygepal" {rF++}
rPois   .            F - +0 hat
rElec   .            (no cloak)
rCorr   .            e - +0 pair of gloves
SInv    .            (no boots)
Will    +....        (no amulet)
Stlth   ++           t - +4 ring of protection
HPRegen 1.08/turn    A - ring of magical power
MPRegen 0.22/turn

%: guardian spirit
@: no status effects
A: fangs 3, regeneration 1, magic shield, antimagic bite, no potion heal 2
a: Renounce Religion


You were on level 8 of the Dungeon.
You worshipped Vehumet.
Vehumet was pleased with you.
You visited 1 branch of the dungeon, and saw 9 of its levels.
You also visited: Bailey.

You collected 780 gold pieces.

Inventory:

Hand Weapons
 p - a +1 rapier (weapon)
Missiles
 v - a throwing net
 y - 16 poisoned darts
Armour
 a - a +0 robe
 e - a +0 pair of gloves (worn)
 F - a +0 hat (worn)
 G - the +0 robe "Ygepal" (worn) {rF++}
   (You found it on level 8 of the Dungeon)

   rF++:      It greatly protects you from fire.
Magical Staves
 C - a staff of air
 K - a staff of air
Jewellery
 b - a +6 ring of dexterity
 d - a ring of positive energy
 t - a +4 ring of protection (left hand)
 A - a ring of magical power (right hand)
 B - a ring of protection from fire
Wands
 h - a wand of paralysis (7)
 m - a wand of flame (24)
 w - a wand of polymorph (8)
 x - a wand of iceblast (6)
 E - a wand of mindburst (9)
Scrolls
 f - 2 scrolls of brand weapon {unknown}
 g - 3 scrolls of immolation
 j - 4 scrolls of teleportation
 u - 2 scrolls of amnesia
 H - a scroll of fog {unknown}
 I - 2 scrolls of enchant armour {unknown}
Potions
 c - a potion of brilliance
 i - a potion of resistance {unknown}
 k - 3 potions of lignification {unknown}
 n - 6 potions of curing
 q - 4 potions of cancellation {unknown}
 r - a potion of degeneration
 s - 2 potions of might {unknown}
 z - a potion of heal wounds {unknown}
 D - 2 potions of mutation {unknown}
 J - a potion of invisibility {unknown}


   Skills:
 + Level 0.0 Fighting
 + Level 1.6 Dodging
 - Level 2.4 Stealth
 - Level 5.5 Spellcasting
 - Level 12.9 Conjurations
 - Level 8.0 Ice Magic
 - Level 10.0 Air Magic
 - Level 3.0 Poison Magic


You had 3 spell levels left.
You knew the following spells:

 Your Spells              Type           Power      Damage    Failure   Level
a - Shock                 Conj/Air       100%       1d9       1%          1
b - Static Discharge      Conj/Air       96%        3-7/arc   1%          2
c - Swiftness             Air            43%        N/A       1%          3
d - Poisonous Vapours     Pois/Air       58%        N/A       1%          2
e - Mephitic Cloud        Conj/Pois/Air  38%        N/A       1%          3
f - Hailstorm             Conj/Ice       44%        3d10      1%          3
g - Freezing Cloud        Conj/Ice/Air   22%        6-21      4%          5

Your spell library contained the following spells:

 Spells                   Type           Power      Damage    Failure   Level
 Scorch                   Fire           10%        2d5       19%         2
 Freeze                   Ice            100%       1d10      1%          1
 Frozen Ramparts          Ice            70%        1d11      1%          3
 Dazzling Flash           Conj/Hex       58%        N/A       2%          3
 Ensorcelled Hibernation  Hex/Ice        40%        N/A       3%          2
 Passwall                 Tmut/Erth      4%         N/A       19%         2
 Wereblood                Tmut           5%         N/A       19%         2
 Airstrike                Air            21%        2d(4-20)  1%          4
 Irradiate                Conj/Tmut      14%        3d16      22%         5
 Silence                  Hex/Air        12%        N/A       38%         5
 Anguish                  Hex/Necr       2%         N/A       75%         4
 Animate Dead             Necr           5%         N/A       75%         4
 Cause Fear               Hex            2%         N/A       75%         4
 Agony                    Necr           5%         N/A       97%         5
 Enfeeble                 Hex            2%         N/A       100%        7
 Haunt                    Necr/Summ      2%         N/A       100%        7
 Infestation              Necr           2%         N/A       100%        8


Dungeon Overview and Level Annotations

Branches:
Dungeon (9/15)             Temple (0/1) D:5            Lair (0/5) D:8
 Bailey (visited)
    Orc: D:9-12

Altars:
Ashenzari
Cheibriados
Dithmenos
Fedhas
Gozag
Hepliaklqana
Kikubaaqudgha
Nemelex Xobeh
Vehumet
Wu Jian
Yredelemnul

Shops:
D:4 *   D:5 :

Annotations:
D:7 1 runed translucent door, Crazy Yiuf


Innate Abilities, Weirdness & Mutations

You have razor-sharp teeth.
Your natural rate of healing is unusually fast.
When hurt, damage is shared between your health and your magic reserves.
Your bite disrupts and absorbs the magic of your enemies.
Potions cannot restore your health.


Message History

Casting: Static Discharge (safe; 1% risk of failure)
Confirm with . or Enter, or press ? or * to list all spells.
The death yak is struck by an arc of lightning.
The death yak is moderately wounded.
The quokka is struck by an arc of lightning.
You kill the quokka!
Vehumet accepts your kill.
The death yak is struck by an arc of lightning!
The death yak is moderately wounded.
The lightning grounds out.
The death yak barely misses you.
Unknown command.
Unknown command.
Casting: Static Discharge (safe; 1% risk of failure)
Confirm with . or Enter, or press ? or * to list all spells.
The death yak is struck by an arc of lightning.
You are struck by an arc of lightning.
The death yak is struck by an arc of lightning.
The death yak is moderately wounded.
You are struck by an arc of lightning.
The lightning grounds out.
The death yak gores you!!
Unknown command.
Casting: Static Discharge (safe; 1% risk of failure)
Confirm with . or Enter, or press ? or * to list all spells.
The death yak is struck by an arc of lightning.
The death yak is moderately wounded.
You are struck by an arc of lightning.
The death yak closely misses you.
Unknown command.
Unknown command.
You barely miss the death yak.
The death yak is moderately wounded.
The death yak gores you!!
* * * LOW HITPOINT WARNING * * *
You barely miss the death yak.
The death yak is moderately wounded.
The death yak gores you.
* * * LOW HITPOINT WARNING * * *
You hit the death yak but do no damage. Your bite misses the death yak.
The death yak is moderately wounded.
The death yak gores you!
You die...

####### #......
#.####. #.# #. #.#
#. #.# #.
############.# #.
#.Y†.Y..#....# #.
#@#####.#.#######.
#.#>...<........#.
#.#...Y......##.#.
#.#...Y...##.##.#.
##..........#.##.#.
#.......#......#.#.
#.......'....[.#Y#.
#.......###.##[..#.
#.......# #.###[.#.


You could see 2 death yaks.

Vanquished Creatures
  Gastronok (D:9)
  An orc warlord (Bailey)
  A troll (D:7)
  Prince Ribbit (D:7)
  Sigmund (D:3)
  A steam dragon (D:8)
  Edmund (D:5)
  Menkaure (D:5)
  15 orc warriors
  A water moccasin (D:8)
  A sky beast (D:8)
  Duvessa (D:7)
  A black bear (D:6)
  An ogre (D:4)
  A kobold brigand (D:8)
  2 bullfrogs (D:8)
  A gnoll sergeant (D:7)
  2 scorpions
  3 wights (D:6)
  Dowan (D:7)
  4 howler monkeys
  A jelly (D:6)
  3 hounds
  7 orc priests
  2 sleepcaps
  16 orc wizards
  9 iguanas
  2 hell rats (D:8)
  15 gnolls
  10 adders
  2 river rats (D:8)
  3 white imps (D:6)
  3 worms
  2 dart slugs
  39 orcs
  8 ball pythons
  9 endoplasms
  2 giant cockroaches
  17 goblins
  22 hobgoblins
  4 jackals (D:3)
  5 quokkas
  4 bats
  4 frilled lizards
  3 kobolds (D:8)
  5 rats
239 creatures vanquished.

Notes
Turn   | Place    | Note
-------+----------+-------------------------------------------
     0 | D:1      | MrSquiggles the Vine Stalker Air Elementalist began the
                  | quest for the Orb.
     0 | D:1      | Reached XP level 1. HP: 9/9 MP: 4/4
   369 | D:1      | Reached XP level 2. HP: 13/13 MP: 3/6
  1439 | D:1      | Learned a level 2 spell: Static Discharge
  1764 | D:2      | Reached XP level 3. HP: 16/16 MP: 2/7
  1844 | D:2      | Reached skill level 2 in Conjurations
  2666 | D:2      | Reached XP level 4. HP: 21/21 MP: 4/9
  3029 | D:2      | Learned a level 3 spell: Swiftness
  3473 | D:3      | Reached skill level 3 in Conjurations
  3473 | D:3      | Reached XP level 5. HP: 24/24 MP: 6/10
  3545 | D:3      | Noticed Sigmund
  4504 | D:4      | Found a blossoming altar of Fedhas.
  4603 | D:4      | Found Lutsu's General Store.
  4656 | D:4      | Reached XP level 6. HP: 28/28 MP: 9/11
  4806 | D:4      | Learned a level 2 spell: Poisonous Vapours
  4810 | D:4      | Learned a level 3 spell: Mephitic Cloud
  5174 | D:4      | Reached skill level 1 in Poison Magic
  5313 | D:4      | Reached skill level 4 in Conjurations
  5313 | D:4      | Reached skill level 5 in Air Magic
  5503 | D:3      | Found a basalt altar of Yredelemnul.
  5713 | D:3      | Reached XP level 7. HP: 32/32 MP: 11/13
  5782 | D:3      | Killed Sigmund
  5822 | D:3      | Identified the orb "Upes" {mayhem, rC+}
  6306 | D:5      | Entered Level 5 of the Dungeon
  6465 | D:5      | Found a radiant altar of Vehumet.
  6505 | D:5      | Reached skill level 5 in Conjurations
  6727 | D:5      | Became a worshipper of Vehumet
  6833 | D:5      | Found a shadowy altar of Dithmenos.
  6891 | D:5      | Reached skill level 5 in Spellcasting
  6997 | D:5      | Gained mutation: You have razor-sharp teeth. [Vine Stalker
                  | growth]
  6997 | D:5      | Reached XP level 8. HP: 35/36 MP: 7/16
  7193 | D:5      | Found Alon's Book Shop.
  7267 | D:5      | Found a broken altar of Ashenzari.
  7291 | D:5      | Noticed Menkaure
  7296 | D:5      | Killed Menkaure
  7297 | D:5      | Reached skill level 1 in Ice Magic
  7619 | D:5      | Found an ornate altar of the Wu Jian Council.
  7690 | D:5      | Found a staircase to the Ecumenical Temple.
  7804 | D:5      | Found a snail-covered altar of Cheibriados.
  7974 | D:5      | Noticed Edmund
  7996 | D:5      | Killed Edmund
  9105 | D:6      | Reached skill level 6 in Conjurations
  9307 | D:6      | Reached XP level 9. HP: 39/39 MP: 12/17
  9630 | D:6      | Found an ancient bone altar of Kikubaaqudgha.
  9764 | D:6      | Found a hazy altar of Hepliaklqana.
 10186 | D:7      | Learned a level 3 spell: Hailstorm
 10191 | D:7      | Noticed Dowan
 10199 | D:7      | Killed Dowan
 10200 | D:7      | Noticed Duvessa
 10316 | D:7      | Noticed Prince Ribbit
 10323 | D:7      | Killed Prince Ribbit
 10406 | D:7      | Found a sparkling altar of Nemelex Xobeh.
 10472 | D:7      | Noticed a troll
 10482 | D:7      | Killed a troll
 10693 | D:7      | Identified the +1 hand axe "Kauligg" {venom, Str+2}
 10770 | D:7      | Killed Duvessa
 11122 | D:7      | Found a runed translucent door.
 11123 | D:7      | Noticed Crazy Yiuf
 11689 | D:8      | Found an opulent altar of Gozag.
 11743 | D:8      | Reached skill level 7 in Conjurations
 12041 | D:8      | Reached * piety under Vehumet
 12041 | D:8      | Offered knowledge of Magic Dart by Vehumet.
 12042 | D:8      | Reached skill level 5 in Ice Magic
 12396 | D:8      | Found a staircase to the Lair.
 12397 | D:8      | Noticed a death yak
 12398 | D:8      | Noticed a death yak
 12429 | D:8      | Noticed a death yak
 12664 | D:8      | Reached XP level 10. HP: 23/44 MP: 7/18
 13445 | D:8      | Identified the +0 robe "Ygepal" {rF++}
 13503 | D:8      | Learned a level 5 spell: Freezing Cloud
 13730 | D:9      | Noticed Gastronok
 13934 | D:9      | Killed Gastronok
 13935 | D:9      | Reached skill level 8 in Conjurations
 14154 | D:9      | Found a flagged portal.
 14173 | Bailey   | Entered a bailey
 14213 | Bailey   | Reached skill level 10 in Air Magic
 14468 | Bailey   | Reached ** piety under Vehumet
 14476 | Bailey   | Offered knowledge of Scorch by Vehumet.
 14641 | Bailey   | Noticed an orc warlord
 14683 | Bailey   | Killed an orc warlord
 14725 | Bailey   | Reached XP level 11. HP: 27/47 MP: 15/20
 14851 | Bailey   | Reached skill level 9 in Conjurations
 15499 | Bailey   | Reached skill level 12 in Conjurations
 15499 | Bailey   | Reached XP level 12. HP: 51/51 MP: 21/21
 15763 | D:8      | Mangled by a death yak

Illustrated notes

Levels and vault maps discovered:
D:1:      ebering_trefoil_twist, layout_basic
D:2:      layout_basic, serial_co_window_serial, co_window_paths_a,
          co_window_paths_b, co_window_paths_a, co_window_paths_a,
          co_window_of_opportunity_a, co_window_corner_a,
          co_window_of_opportunity_a, co_window_unsneaky_path_b,
          co_window_corner_ca, co_window_of_opportunity_c, co_window_broadway_a,
          co_window_corner_b, co_window_corner_cb, co_window_corner_b,
          co_window_4corner_a, glass_columns_c, glass_columns_c, glass_columns_b
D:3:      layout_loops_ring, mainiacjoe_overflow_alcove_4, uniq_sigmund
D:4:      layout_basic, mainiacjoe_overflow_paths, serial_shops, shop,
          minmay_ruptured
D:5:      layout_layer_cave, nicolae_dithmenos_shadow_blocks,
          nicolae_vehumet_radiance, cheibriados_altar_1, kennysheep_mini_moat,
          nicolae_ashenzari_skybound, minmay_temple_entry_offerings,
          serial_shops, kennysheep_mini, uniq_menkaure, uniq_edmund
D:6:      layout_basic, lemuel_round_altar, nicolae_hepliaklqana_hazy_memory
D:7:      layout_loops_ring, nemelex_spade_bored_becter, uniq_prince_ribbit1,
          uniq_duvessa, uniq_crazy_yiuf_cottage
D:8:      layout_basic, grunt_gozag_breadcrumbs, dpeg_lair_monsters,
          minmay_gold_behind_fungi, minmay_puff
D:9:      layout_irregular_city, enter_bailey_5, nicolae_zig_zag_zippers,
          uniq_gastronok

Skill      XL: |  1  2  3  4  5  6  7  8  9 10 11 |
---------------+----------------------------------+-----
Conjurations   | 2 3 4 5 6 7 8 12 | 12.9
Air Magic      | 4 5 7 9 10 | 10.0
Spellcasting   | 3 5 |  5.5
Poison Magic   | 1 3 |  3.0
Ice Magic      | 3 5 7 8 |  8.0
Dodging        | |  1.6
Stealth        | |  2.4

Action                     |  1- 3 |  4- 6 |  7- 9 | 10-12 || total
---------------------------+-------+-------+-------+-------++-------
  Melee: Hand axe          |     3 |    22 |       |       ||    25
         Bite              |     1 |    18 |    16 |    46 ||    81
         Unarmed           |       |    18 |       |       ||    18
         Punch             |       |     2 |       |     2 ||     4
         Rapier            |       |     1 |    43 |   106 ||   150
  Throw: Dart              |       |       |     2 |       ||     2
   Cast: Shock             |    68 |    94 |   287 |   161 ||   610
         Static Discharge  |       |     1 |    32 |     8 ||    41
         Swiftness         |       |     1 |       |       ||     1
         Poisonous Vapours |       |     4 |    12 |    18 ||    34
         Mephitic Cloud    |       |     1 |    23 |    24 ||    48
         Hailstorm         |       |       |     5 |     4 ||     9
         Freezing Cloud    |       |       |       |     5 ||     5
  Evoke: Wand              |       |       |    12 |     6 ||    18
    Use: Scroll            |       |     5 |     3 |     9 ||    17
         Potion            |       |       |     2 |     3 ||     5
   Stab: Confused          |       |       |     5 |     4 ||     9
 Armour: Robe              |     4 |    35 |    93 |    98 ||   230
  Dodge: Dodged            |     4 |    33 |    60 |    76 ||   173

Table legend: (Time is in decaauts)
 A = Elapsed time spent in this place.
 B = Non-inter-level travel time spent in this place.
 C = Inter-level travel time spent in this place.
 D = Time resting spent in this place.
 E = Time spent auto-exploring this place.
 F = Levels seen in this place.
 G = Mean time per level.
                   A        B        C        D        E       F      G
               +--------+--------+--------+--------+--------+-----+--------+
         Total |  15786 |  15357 |    429 |   3978 |   9070 |  10 | 1578.6 |
       Dungeon |  14442 |  14013 |    429 |   3254 |   8856 |   9 | 1604.7 |
        Bailey |   1344 |   1344 |      0 |    724 |    214 |   1 | 1344.0 |
               +--------+--------+--------+--------+--------+-----+--------+

Top non-repeatable levels by time:
     D:8: 2271 daAuts
     D:2: 2138 daAuts
     D:5: 2067 daAuts
     D:4: 1679 daAuts
     D:6: 1676 daAuts
     D:7: 1539 daAuts
     D:1: 1439 daAuts
  Bailey: 1344 daAuts
     D:3: 1056 daAuts
     D:9: 573 daAuts
